 Dungeon Crawl Stone Soup version 0.29-a0-923-g6e406bff71 (webtiles) character file.

Game seed: 10996935178859118171

1134 Ajdolov the Basher (level 8, -24/39 HPs)
             Began as a Vine Stalker Fighter on July 28, 2022.
             Annihilated by an ogre
             ... wielding a +0 giant club
              (28 damage)
             ... on level 4 of the Dungeon.
             The game lasted 00:05:11 (3465 turns).

Ajdolov the Basher (Vine Stalker Fighter)           Turns: 3465, Time: 00:05:11

Health: -24/39     AC: 11    Str: 21    XL:     8   Next: 36%
Magic:  0/9        EV:  5    Int:  8    God:
Gold:   189        SH:  5    Dex: 20    Spells: 7/7 levels left

rFire   . . .      SeeInvis .   a - +0 flail
rCold   . . .      Faith    .   c - +0 buckler
rNeg    . . .      Spirit   +   s - +0 plate armour
rPois   .          Reflect  .   (no helmet)
rElec   .          Harm     .   (no cloak)
rCorr   .          Rampage  .   (no gloves)
Will    +....                   (no boots)
Stlth   ..........              (no amulet)
HPRegen 0.93/turn               l - +6 ring of dexterity
MPRegen 0.11/turn               (no ring)

@: no status effects
A: fangs 3, regeneration 1, magic shield, antimagic bite, no potion heal 2
a: no special abilities


You were on level 4 of the Dungeon.
You visited 1 branch of the dungeon, and saw 4 of its levels.
You also visited: Sewer and Ossuary.

You collected 189 gold pieces.

Inventory:

Hand Weapons
 a - a +0 flail (weapon)
Missiles
 f - 3 silver boomerangs (quivered)
 y - a curare-tipped dart
Armour
 c - a +0 buckler (worn)
 s - a +0 plate armour (worn)
Jewellery
 l - a +6 ring of dexterity (left hand)
Wands
 o - a wand of flame (13)
 v - a wand of charming (10)
Scrolls
 e - a scroll of enchant armour {unknown}
 g - 2 scrolls of enchant weapon {unknown}
 i - 2 scrolls of fear {unknown}
 j - a scroll of vulnerability {unknown}
 k - 2 scrolls of teleportation {unknown}
 n - 5 scrolls of identify {unknown}
 p - a scroll of magic mapping {unknown}
 t - a scroll of blinking {unknown}
 u - 2 scrolls of silence {unknown}
Potions
 b - a potion of haste {unknown}
 d - 2 potions of might
 h - a potion of magic {unknown}
 m - 2 potions of mutation {unknown}
 q - 2 potions of heal wounds
 r - 5 potions of curing
 w - 4 potions of flight
 x - a potion of berserk rage {unknown}


   Skills:
 - Level 2.6 Fighting
 + Level 9.1 Maces & Flails
 - Level 2.4 Armour
 - Level 2.6 Shields


You had 7 spell levels left.
You didn't know any spells.
Your spell library contained the following spells:

 Spells                   Type           Power      Damage    Failure   Level
 Blink                    Tloc           0%         N/A       100%        2
 Manifold Assault         Tloc           0%         N/A       100%        5
 Storm Form               Tmut/Air       0%         N/A       100%        7


Dungeon Overview and Level Annotations

Branches:
Dungeon (4/15)              Sewer (visited)         Ossuary (visited)
 Temple: D:4-7

Altars:
Cheibriados
Makhleb

Annotations:
D:3 3 runed translucent doors, Johnny's ghost, weakling DgGl


Innate Abilities, Weirdness & Mutations

You have razor-sharp teeth.
Your natural rate of healing is unusually fast.
When hurt, damage is shared between your health and your magic reserves.
Your bite disrupts and absorbs the magic of your enemies.
Potions cannot restore your health.


Message History

The orc hits you with a +0 hand axe.
You thump the orc!
You kill the orc!
You closely miss the orc. You bite the orc, but do no damage.
The orc hits you with a +0 flail.
You thump the orc!
You kill the orc!
No target in view!
Items here: ))) [ †††.
Okay, then.
HP restored.
An orc wizard, 3 orcs and an ogre come into view.
The orc wizard shouts!
The orc shouts!
The ogre shouts!
The orc wizard gestures at you while chanting.
The puff of flame misses you.
You sock the orc wizard!
You kill the orc wizard!
You closely miss the orc. You bite the orc. You drain its power.
The orc is moderately wounded.
The orc hits you but does no damage.
You sock the orc!
You kill the orc!
You thump the orc!
You kill the orc!
The ogre barely misses you.
You hit the ogre. You bite the ogre. You drain its power.
The ogre is moderately wounded.
The ogre hits you with a +0 giant club!!
Ouch! That really hurt!
You completely miss the ogre. You bite the ogre, but do no damage.
The ogre is moderately wounded.
The ogre hits you with a +0 giant club!!
* * * LOW HITPOINT WARNING * * *
You hit the ogre but do no damage.
The ogre is moderately wounded.
You hit the ogre.
The ogre is heavily wounded.
The ogre hits you with a +0 giant club!!
Ouch! That really hurt!
You die...

#.........### #.
#.........# ..
#.........# .#
#.........# .#
#.........## ##.#
#..........## #..
#...........#### #)#
########.#.....####.#
#.#.###..@Oo.# #.#.#
#####....# #.#..
...#.# #.### .####..#
#. .# ... .. #### #.
#


You could see an ogre and an orc.

Vanquished Creatures
  A wraith (Ossuary)
  2 phantoms (D:4)
  2 kobold brigands (Sewer)
  2 water moccasin zombies (Ossuary)
  A necrophage (D:4)
  A scorpion (D:3)
  3 centaur zombies (Ossuary)
  A bullfrog zombie (Ossuary)
  A hound (D:4)
  An iguana (D:3)
  Natasha (thrice) (D:2)
  An orc wizard (D:4)
  An ogre zombie (Ossuary)
  5 adders
  A river rat (D:4)
  5 adder zombies (Ossuary)
  2 worms
  5 dart slugs
  6 orcs
  8 ball pythons
  6 endoplasms
  3 giant cockroaches
  7 gnoll zombies (Ossuary)
  8 goblins
  6 hobgoblins
  13 jackals
  7 kobolds
  5 bats
  2 frilled lizards
  3 hobgoblin zombies (Ossuary)
  2 orc zombies (Ossuary)
  10 rats
124 creatures vanquished.

Notes
Turn   | Place    | Note
-------+----------+-------------------------------------------
     0 | D:1      | Ajdolov the Vine Stalker Fighter began the quest for the
                  | Orb.
     0 | D:1      | Reached XP level 1. HP: 11/11 MP: 2/2
    77 | D:1      | Reached skill level 2 in Maces & Flails
   121 | D:1      | Reached XP level 2. HP: 11/16 MP: 3/3
   616 | D:1      | Found a faded altar of an unknown god.
   979 | D:1      | Reached skill level 3 in Maces & Flails
  1118 | D:2      | Reached XP level 3. HP: 18/19 MP: 4/4
  1168 | D:2      | Noticed Natasha
  1183 | D:2      | Killed Natasha
  1422 | D:2      | Gained mutation: Your natural rate of healing is unusually
                  | fast. [Vine Stalker growth]
  1422 | D:2      | Reached XP level 4. HP: 18/23 MP: 5/5
  1451 | D:2      | Reached skill level 4 in Maces & Flails
  1627 | D:2      | Noticed Natasha
  1646 | D:2      | Killed Natasha
  1880 | D:2      | Reached XP level 5. HP: 27/27 MP: 6/6
  1949 | D:2      | Noticed Natasha
  1983 | D:2      | Killed Natasha
  2134 | D:3      | Found a runed translucent gate.
  2134 | D:3      | Found a runed translucent gate.
  2137 | D:3      | Found a runed translucent gate.
  2154 | D:3      | Noticed Johnny's ghost (weakling DgGl)
  2161 | D:3      | Reached skill level 5 in Maces & Flails
  2164 | D:3      | Noticed an ice beast
  2532 | D:3      | Found a burning altar of Makhleb.
  2532 | D:3      | Noticed a cacodemon
  2537 | D:3      | Noticed a hellwing
  2537 | D:3      | Noticed an orange demon
  2813 | D:4      | Noticed a phantom
  2813 | D:4      | Noticed a phantom
  2827 | D:3      | Reached XP level 6. HP: 31/32 MP: 7/7
  2834 | D:4      | Found a sand-covered staircase.
  2842 | D:4      | Reached skill level 6 in Maces & Flails
  2869 | Ossuary  | Entered an ossuary
  2908 | Ossuary  | Reached XP level 7. HP: 35/35 MP: 8/8
  2967 | Ossuary  | Reached skill level 7 in Maces & Flails
  3028 | Ossuary  | Noticed a wraith
  3037 | Ossuary  | Killed a wraith
  3038 | Ossuary  | Reached skill level 8 in Maces & Flails
  3038 | Ossuary  | Noticed a silent spectre
  3127 | D:4      | Gained mutation: You have razor-sharp teeth. [Vine Stalker
                  | growth]
  3127 | D:4      | Reached XP level 8. HP: 39/39 MP: 9/9
  3177 | D:4      | Found a glowing drain.
  3181 | Sewer    | Entered a sewer
  3310 | Sewer    | Found a white marble altar of Elyvilon.
  3369 | D:4      | Found a snail-covered altar of Cheibriados.
  3381 | D:4      | Reached skill level 9 in Maces & Flails
  3465 | D:4      | Annihilated by an ogre

Illustrated notes

Levels and vault maps discovered:
D:1:      amcnicky_arrival_wind_blow, layout_basic,
          shapermc_ecumenical_altar_starsandcircs
D:2:      layout_loops_ring, minmay_tromino_v2, uniq_natasha
D:3:      layout_loops_ring, makhleb_altar_promises_db, gammafunk_ghost_split,
          serial_park_tiny_2, kennysheep_generic_room_6
D:4:      layout_rooms, cheibrodos_worm_habitat, gup_sewer_entry_bowl,
          nicolae_ossuary_entry_ruins

Skill      XL: |  1  2  3  4  5  6  7  8 |
---------------+-------------------------+-----
Maces & Flails | 2 3 4 5 6 8 9 |  9.1
Fighting       | |  2.6
Armour         | |  2.4
Shields        | |  2.6

Action                   |  1- 3 |  4- 6 |  7- 9 || total
-------------------------+-------+-------+-------++-------
Melee: Flail             |    68 |   153 |   173 ||   394
       Bite              |    11 |    44 |    53 ||   108
Armor: Scale mail        |    19 |    48 |       ||    67
       Plate armour      |       |    63 |    90 ||   153
Dodge: Dodged            |    27 |    52 |    32 ||   111
Block: Buckler           |    22 |    30 |    35 ||    87

Table legend: (Time is in decaauts)
 A = Elapsed time spent in this place.
 B = Non-inter-level travel time spent in this place.
 C = Inter-level travel time spent in this place.
 D = Time resting spent in this place.
 E = Time spent auto-exploring this place.
 F = Levels seen in this place.
 G = Mean time per level.
                   A        B        C        D        E       F      G
               +--------+--------+--------+--------+--------+-----+--------+
         Total |   3571 |   3513 |     58 |      2 |   2509 |   6 |  595.2 |
       Dungeon |   3156 |   3098 |     58 |      2 |   2338 |   4 |  789.0 |
         Sewer |    195 |    195 |      0 |      0 |    120 |   1 |  195.0 |
       Ossuary |    219 |    219 |      0 |      0 |     51 |   1 |  219.0 |
               +--------+--------+--------+--------+--------+-----+--------+

Top non-repeatable levels by time:
     D:1: 1118 daAuts
     D:2: 913 daAuts
     D:3: 846 daAuts
     D:4: 279 daAuts
 Ossuary: 219 daAuts
   Sewer: 195 daAuts
